 Dungeon Crawl Stone Soup version 0.24-a0-284-g9fb9971 (webtiles) character file.

Game seed: 3851864209653243686

15 Hylith the Bolt Thrower (level 2, 23/23 HPs)
             Began as a Gnoll Wanderer on May 4, 2019.
             Quit the game on level 1 of the Dungeon.
             The game lasted 00:00:38 (362 turns).

Hylith the Bolt Thrower (Gnoll Wanderer)             Turns: 362, Time: 00:00:39

Health: 23/23      AC:  9    Str: 14    XL:     2   Next: 50%
Magic:  3/3        EV:  9    Int: 16    God:
Gold:   31         SH:  0    Dex: 12    Spells: 1/1 levels left

rFire    . . .     SeeInvis .   a - +0 club
rCold    . . .     Gourm    .   (no shield)
rNeg     . . .     Faith    .   d - +2 scale mail
rPois    .         Spirit   .   (no helmet)
rElec    .         Reflect  .   (no cloak)
rCorr    .         Harm     .   (no gloves)
MR       .....                  (no boots)
Stlth    +.........             (no amulet)
HPRegen  0.07/turn              (no ring)
MPRegen  0.08/turn              (no ring)

@: no status effects
A: distributed training, fangs 1, strong nose
a: no special abilities


You were on level 1 of the Dungeon.
You were not hungry.

You visited 1 branch of the dungeon, and saw 1 of its levels.

You collected 31 gold pieces.

Inventory:

Hand Weapons
 a - a +0 club (weapon)
Armour
 d - a +2 scale mail (worn)
Scrolls
 c - a scroll of teleportation
 e - a scroll of remove curse {unknown}
 h - a scroll of identify {unknown}
Potions
 b - a potion of curing
Comestibles
 f - a ration
 g - a chunk of flesh


   Skills:
 + Level 2.5 Fighting
 + Level 0.4 Short Blades
 + Level 0.4 Long Blades
 + Level 0.4 Axes
 + Level 4.5 Maces & Flails
 + Level 0.4 Polearms
 + Level 0.4 Staves
 + Level 0.4 Slings
 + Level 0.4 Bows
 + Level 6.5 Crossbows
 + Level 0.4 Throwing
 + Level 4.5 Armour
 + Level 0.4 Dodging
 + Level 2.2 Stealth
 + Level 0.4 Shields
 + Level 0.4 Unarmed Combat
 + Level 0.4 Spellcasting
 + Level 0.2 Conjurations
 + Level 0.2 Hexes
 + Level 0.2 Charms
 + Level 0.2 Summonings
 + Level 0.2 Necromancy
 + Level 0.2 Translocations
 + Level 0.2 Transmutations
 + Level 0.2 Fire Magic
 + Level 0.2 Ice Magic
 + Level 0.2 Air Magic
 + Level 0.2 Earth Magic
 + Level 0.2 Poison Magic
 + Level 0.5 Invocations
 + Level 2.5 Evocations


You had one spell level left.
You didn't know any spells.
Your spell library was empty.

Dungeon Overview and Level Annotations

Branches:
Dungeon (1/15)

Altars:


Innate Abilities, Weirdness & Mutations

Your experience applies equally to all skills.
You have very sharp teeth.
Your uncanny sense of smell can sniff out nearby items.


Message History

The rat closely misses you.
You closely miss the rat. The rat bites you but does no damage.
You closely miss the rat. The rat bites you but does no damage.
You closely miss the rat. The rat barely misses you.
You hit the rat.
You kill the rat!
You see here a rat corpse.
You see here a rat corpse.
You start resting.
Some of the chunks of flesh in your inventory have rotted away.
You butcher the rat corpse.
g - 2 chunks of flesh (gained 1)
You see here a rat skeleton.
You start resting.
Some of the chunks of flesh in your inventory have rotted away.
HP restored.
(D) Dungeon
Where to? (? - help)
Okay, then.
Are you sure you want to abandon this character and quit the game? (Confirm with "yes".)

#.# #......###
######.###.#..#...#
#..........#.(#...#
#.##...###.####.###
#. #.### #.........
##.##.# #.#..####.
##..)#.# #...## #.
##.#....#####.###
#.
###....@.).......
>.
.................
##
.##.#...#######.#
#.##.## #. . .. ∆#
##. ∆ #. .. ##


There were no monsters in sight!

Vanquished Creatures
  2 giant cockroaches (D:1)
  2 goblins (D:1)
  5 kobolds (D:1)
  2 bats (D:1)
  2 rats (D:1)
13 creatures vanquished.

Notes
Turn   | Place    | Note
-------+----------+-------------------------------------------
     0 | D:1      | Hylith the Gnoll Wanderer began the quest for the Orb.
     0 | D:1      | Hylith set off with the following items: a +0 club, a
                  | potion of curing, a scroll of teleportation, a +2 scale
                  | mail, a ration
     0 | D:1      | Reached XP level 1. HP: 17/17 MP: 2/2
    79 | D:1      | Reached XP level 2. HP: 23/23 MP: 3/3
   362 | D:1      | Quit the game

Levels and vault maps discovered:
D:1:      dpeg_arrival_water_temple_mockup, layout_loops_ring,
          corexii_item_surrounded_by_moat, minmay_octomino_c4

Action                   || total
-------------------------++-------
Melee: Club              ||    62
       Bite              ||     6
Armor: Scale mail        ||    63
Dodge: Dodged            ||    46

Table legend:
 A = Non-vault XP
 B = Vault XP
 C = Vault XP percentage of total XP
 D = Non-vault monster count
 E = Vault monster count
 F = Vault count percentage of total count
                 A         B        C        D         E       F
            +---------+---------+-------+---------+---------+-------
      Total |      12 |      10 |  45.5 |       7 |       6 |  46.2
            +---------+---------+-------+---------+---------+-------
        D:1 |      12 |      10 |  45.5 |       7 |       6 |  46.2
            +---------+---------+-------+---------+---------+-------
